 Dungeon Crawl Stone Soup version 0.27.1-3-gb3d3a73c9e (console) character file.

Game seed: 3745502090909154394

1747 XeNoLord the Spear-Bearer (level 8, 0/64 HPs)
             Began as a Minotaur Berserker on Oct 12, 2021.
             Was a Priest of Trog.
             Succumbed to a scorpion's poison
             ... on level 6 of the Dungeon.
             The game lasted 00:26:23 (5650 turns).

XeNoLord the Spear-Bearer (Minotaur Berserker)      Turns: 5650, Time: 00:26:24

Health: 0/64       AC:  6    Str: 23    XL:     8   Next: 78%
Magic:  7/7        EV: 12    Int: 10    God:    Trog [***...]
Gold:   237        SH:  0    Dex: 11    Spells: 7/7 levels left

rFire    . . .     SeeInvis .   A - +0 glaive
rCold    . . .     Faith    .   (shield currently unavailable)
rNeg     . . .     Spirit   .   z - +3 leather armour {rPois}
rPois    +         Reflect  .   (helmet restricted)
rElec    .         Harm     .   (no cloak)
rCorr    .         Rampage  .   (no gloves)
Will     .....                  (no boots)
Stlth    +.........             (no amulet)
HPRegen  0.20/turn              g - +6 ring of intelligence
MPRegen  0.10/turn              (no ring)

@: lethally poisoned (0 -> -1), on berserk cooldown, slowed, very slow
A: horns 2, retaliatory headbutt
a: Renounce Religion, Berserk, Trog's Hand


You were on level 6 of the Dungeon.
You worshipped Trog.
Trog was most pleased with you.
You visited 1 branch of the dungeon, and saw 6 of its levels.

You collected 237 gold pieces.

Inventory:

Hand Weapons
 a - a +0 spear
 A - a +0 glaive (weapon)
 D - a +0 dire flail of draining
 E - a +0 hand axe
 I - a +1 whip of freezing
Missiles
 e - 144 stones (quivered)
 p - 54 arrows
 H - 57 sling bullets
Armour
 b - a +0 animal skin
 c - a +0 robe
 o - a +0 ring mail
 q - a +0 ring mail
 t - a +0 ring mail
 x - a +0 chain mail
 z - a +3 leather armour of poison resistance (worn)
Jewellery
 d - a ring of wizardry
 g - a +6 ring of intelligence (left hand)
Wands
 n - a wand of flame (8)
 y - a wand of digging (3)
 J - a wand of paralysis (8)
Scrolls
 h - a scroll of identify {unknown}
 i - a scroll of blinking {unknown}
 j - 2 scrolls of teleportation {unknown}
 k - 2 scrolls of enchant weapon {unknown}
 s - a scroll of enchant armour {unknown}
 u - a scroll of fear {unknown}
 v - 2 scrolls of noise {unknown}
 w - a scroll of magic mapping {unknown}
 G - a scroll of fog {unknown}
Potions
 f - 2 potions of lignification {unknown}
 l - 6 potions of curing {unknown}
 m - a potion of brilliance {unknown}
 r - a potion of cancellation {unknown}
 B - a potion of heal wounds {unknown}
 C - a potion of attraction {unknown}
 F - 3 potions of mutation {unknown}


   Skills:
 - Level 3.6 Fighting
 - Level 12.0 Polearms
 + Level 7.1 Armour
 - Level 2.1 Dodging


You had 7 spell levels left.
You didn't know any spells.
Your spell library contained the following spells:

 Spells                   Type           Power      Damage    Failure   Level
 Slow                     Hex            0%         N/A       54%         2
 Sublimation of Blood     Necr           0%         N/A       54%         2
 Confusing Touch          Hex            0%         N/A       77%         3
 Petrify                  Tmut/Erth      0%         N/A       99%         4
 Irradiate                Conj/Tmut      0%         3d13      100%        5
 Yara's Violent Unravell  Hex/Tmut       0%         3d3       100%        5


Dungeon Overview and Level Annotations

Branches:
Dungeon (6/15)
 Temple: D:4-7

Altars:

Shops:
D:1 (:?!!


Innate Abilities, Weirdness & Mutations

You have a pair of horns on your head.
You reflexively headbutt those who attack you in melee.


Message History

You slice the orc!!
You kill the orc!
Trog accepts your kill.
You closely miss the orc. You headbutt the orc.
You kill the orc!
Trog accepts your kill.
Items here: )))) [[[[ †††.
You feel a strong urge to attack something.
You start resting.
You feel your anger nearly subside.
You start resting.
You are no longer berserk.
You are exhausted.
You feel yourself slow down.
You start resting.
A scorpion comes into view.
Aiming: Paralyse
Press: ? - help, Shift-Dir - straight line, f - scorpion
Aim: a scorpion (chance to affect: 46%)
The scorpion resists with some effort.
The scorpion stings you.
The scorpion stings you but does no damage.
You slash the scorpion!
The scorpion is heavily wounded.
The scorpion barely misses you. The scorpion stings you.
* * * LOW HITPOINT WARNING * * *
You are poisoned.
The scorpion poisons you!
* * * LOW HITPOINT WARNING * * *
You feel very sick.
You feel very sick. The scorpion closely misses you.
You feel very sick. The scorpion closely misses you.
You feel sick. The scorpion stings you.
* * * LOW HITPOINT WARNING * * *
* * * LOW HITPOINT WARNING * * *
You feel sick. The scorpion barely misses you.
* * * LOW HITPOINT WARNING * * *
You feel sick.
You die...

.......).....##########
.......##....#......#.# ##.#.#.
#....#.#.##.#.# # #.
##.....#.#....# ### # .#.#.
##.........#.# #.# #......
###....#....#.#######.# #...###
#.....s...............# #...###
#.#.......:.........#.#
#.......#.#...##@.##...####.#.##
...............#..##...# #.#..#
...# ............##...# #.#.##
...# ..##.............# #....#
...# #.............# #.####
....... #.##..........# #.#
....... #.##..##.###..# ###
.#.##.. .............# ..... #
.####.#..####.#


You could see a scorpion.

Vanquished Creatures
  Eustachio (D:4)
  Edmund (D:4)
  A water moccasin (D:6)
  An orc warrior (D:6)
  An ice beast (D:6)
  An ogre (D:5)
  A centaur (D:6)
  A phantom (D:5)
  The ghost of CuBeRJAN3 the Skirmisher, an amateur GrFi (D:3)
  A bullfrog (D:6)
  A water moccasin zombie (D:5)
  2 jellies
  3 gnoll shamans (D:5)
  4 hounds
  An orc priest (D:4)
  3 bullfrog skeletons
  Jessica (D:3)
  Ijyb (D:3)
  An iguana (D:4)
  An orc wizard (D:4)
  A howler monkey zombie (D:5)
  14 gnolls
  5 adders
  A shadow imp (D:5)
  2 white imps (D:5)
  An ufetubus (D:5)
  A worm (D:4)
  A dart slug (D:1)
  9 orcs
  5 ball pythons
  3 endoplasms
  2 giant cockroaches (D:1)
  8 goblins
  A hobgoblin (D:4)
  2 quokkas
  10 bats
  5 frilled lizards
  5 kobolds
  2 rats
106 creatures vanquished.

Notes
Turn   | Place    | Note
-------+----------+-------------------------------------------
     0 | D:1      | XeNoLord the Minotaur Berserker began the quest for the
                  | Orb.
     0 | D:1      | Reached XP level 1. HP: 19/19 MP: 0/0
    91 | D:1      | Reached skill level 4 in Polearms
   173 | D:1      | Reached XP level 2. HP: 18/26 MP: 1/1
   271 | D:1      | Found Pyall's Weapon Emporium.
   338 | D:1      | Found Ciguaxki's Magic Scroll Boutique.
   682 | D:1      | Found Zelum's Distillery.
   951 | D:1      | Found Tiumputh's Distillery.
  1054 | D:1      | Found Fiwi's Book Boutique.
  1389 | D:2      | Reached skill level 5 in Polearms
  1534 | D:2      | Reached XP level 3. HP: 31/31 MP: 2/2
  1853 | D:3      | Reached skill level 6 in Polearms
  1853 | D:3      | Reached XP level 4. HP: 36/39 MP: 3/3
  1856 | D:3      | Reached ** piety under Trog
  2053 | D:3      | Found a faded altar of an unknown god.
  2441 | D:3      | Noticed Jessica
  2447 | D:3      | Killed Jessica
  2448 | D:3      | Reached skill level 7 in Polearms
  2448 | D:3      | Reached XP level 5. HP: 45/45 MP: 4/4
  2526 | D:3      | Noticed Ijyb
  2535 | D:3      | Killed Ijyb
  2637 | D:3      | Found a large runed translucent door.
  2638 | D:3      | Found a large runed translucent door.
  2640 | D:3      | Noticed CuBeRJAN3's ghost (amateur GrFi)
  2657 | D:3      | Killed CuBeRJAN3's ghost
  2658 | D:3      | Reached skill level 8 in Polearms
  2918 | D:4      | Noticed Edmund
  2926 | D:4      | Killed Edmund
  2927 | D:4      | Reached XP level 6. HP: 51/51 MP: 5/5
  3042 | D:4      | Reached skill level 9 in Polearms
  3152 | D:4      | Noticed Eustachio
  3167 | D:4      | Killed Eustachio
  3168 | D:4      | Reached skill level 10 in Polearms
  3168 | D:4      | Reached XP level 7. HP: 57/57 MP: 6/6
  3319 | D:4      | Reached *** piety under Trog
  3859 | D:5      | Entered Level 5 of the Dungeon
  4271 | D:5      | Reached skill level 11 in Polearms
  4575 | D:5      | Reached XP level 8. HP: 59/64 MP: 7/7
  5029 | D:5      | Reached skill level 12 in Polearms
  5529 | D:6      | Reached skill level 5 in Armour
  5647 | D:6      | HP: 3/64 [scorpion (4)]
  5649 | D:6      | HP: 1/64 [poisoned by a scorpion]
  5650 | D:6      | Succumbed to a scorpion's poison

Illustrated notes

Levels and vault maps discovered:
D:1:      lightli_arrival_quake, layout_basic, serial_shops, nicolae_shop_stone,
          shop, shop, shop, shop
D:2:      layout_rooms
D:3:      layout_rooms, ebering_ghost_disaster_area, basic_ecumenical_altar,
          uniq_ijyb, uniq_jessica
D:4:      layout_basic, uniq_edmund, uniq_eustachio
D:5:      layout_gridville
D:6:      layout_basic, minmay_temple_entry_nine_rooms

Skill      XL: |  1  2  3  4  5  6  7  8 |
---------------+-------------------------+-----
Polearms       | 4 5 6 7 8 10 11 12 | 12.0
Armour         | 7 |  7.1
Fighting       | |  3.6
Dodging        | |  2.1

Action                   |  1- 3 |  4- 6 |  7- 9 || total
-------------------------+-------+-------+-------++-------
Melee: Spear             |    81 |    45 |       ||   126
       Headbutt          |     6 |    14 |    18 ||    38
       Glaive            |       |    44 |   137 ||   181
Invok: Berserk           |     3 |     5 |     5 ||    13
Evoke: Wand              |       |       |     1 ||     1
Armor: Animal skin       |    16 |     2 |       ||    18
       Leather armour    |       |     8 |    27 ||    35
Dodge: Dodged            |    34 |    42 |    71 ||   147
